[Event "Titled Tuesday Blitz February 14 Early 2023"]
[White "Jakubowski, Krzysztof"]
[Black "Buchenau, Frank"]
[WhiteFideId "1112848"]
[BlackFideId "4604350"]
[WhiteElo "2486"]
[BlackElo "2222"]
[Result "0-1"]
[Round "11"]
[TimeControl "180+2"]
[Date "2023.02.14"]
[WhiteClock "0:01:10"]
[BlackClock "0:01:00"]

1. e4 e6 2. d4 d5 3. Nc3 Nf6 4. e5 Nfd7 5. Nce2 c5 6. c3 Nc6 7. f4 Be7 8. Nf3 O-O 9. a3 b5 10. Ng3 Qb6 11. Be3 cxd4 12. cxd4 b4 13. h4 f6 14. Bd3 fxe5 15. fxe5 Ndxe5 16. Nxe5 Nxe5 17. Bxh7+ Kxh7 18. Qh5+ Kg8 19. Qxe5 bxa3 20. Nh5 Bb4+ 21. Kd1 Rf7 22. bxa3 Bd6 23. Qg5 Qb3+ 24. Ke1 Qc3+ 25. Bd2 Qxa1+ 26. Ke2 Ba6+ 0-1


[Site "https://www.chess.com"]

[Event "Titled Tuesday Blitz February 14 Early 2023"]
[White "Goncalves, Davi Sulzbacher"]
[Black "Marosi, Levente"]
[WhiteFideId "2154510"]
[BlackFideId "747181"]
[WhiteElo "2282"]
[BlackElo "2303"]
[Result "1/2-1/2"]
[Round "11"]
[TimeControl "180+2"]
[Date "2023.02.14"]
[WhiteClock "0:00:54"]
[BlackClock "0:00:16"]

1. Nf3 Nf6 2. g3 g6 3. Bg2 Bg7 4. O-O O-O 5. d4 d6 6. c4 Nbd7 7. Nc3 e5 8. Qc2 Re8 9. b3 a5 10. Bb2 exd4 11. Nxd4 Nc5 12. Ndb5 c6 13. Nd4 Qb6 14. Rfd1 a4 15. Rab1 axb3 16. axb3 Nfd7 17. e3 Na6 18. Ne4 Nb4 19. Qd2 Nc5 20. Nxd6 Rd8 21. Nxc8 Raxc8 22. Bc3 Nba6 23. b4 Na4 24. c5 Qc7 25. Ba1 Ra8 26. Qc2 Nb8 27. b5 Qe7 28. bxc6 bxc6 29. Nxc6 Nxc6 30. Bxc6 Qxc5 31. Bxa4 Rxd1+ 32. Rxd1 Qxc2 33. Bxc2 Rxa1 34. Rxa1 Bxa1 35. Kf1 f5 36. Ke2 Kg7 37. h3 Kf6 38. g4 Be5 39. gxf5 gxf5 40. f4 Bd6 41. Bb3 h6 42. Bd5 Bc5 43. Kd3 Bb6 44. Bf3 Ba7 45. Bd1 Bb6 46. Ke2 Bc5 47. Bc2 Bb6 48. Kf3 Bc5 49. h4 Bb6 50. h5 Bc5 51. Bd3 Bb6 52. Ke2 Bc5 53. Bc4 Bb6 54. Bg8 Bc5 55. Bh7 Bb6 56. Bg6 Bc5 57. Kd3 Bb6 58. e4 fxe4+ 59. Kxe4 Bc7 60. Kf3 Bd6 61. Ke4 Bc7 62. f5 Be5 63. Kd5 Bf4 64. Ke4 1/2-1/2


[Site "https://www.chess.com"]

[Event "Titled Tuesday Blitz February 14 Early 2023"]
[White "Fernandez Garcia, Gumersindo"]
[Black "Florescu, Codrut-Constantin"]
[WhiteFideId "24516740"]
[BlackFideId "1202200"]
[WhiteElo "2160"]
[BlackElo "2259"]
[Result "1-0"]
[Round "11"]
[TimeControl "180+2"]
[Date "2023.02.14"]
[WhiteClock "0:00:14"]
[BlackClock "0:01:18"]

1. d4 Nf6 2. c4 e6 3. Nf3 Bb4+ 4. Bd2 a5 5. g3 b6 6. Bg2 Bb7 7. O-O O-O 8. Nc3 d6 9. Bg5 Bxc3 10. bxc3 Nbd7 11. e3 h6 12. Bxf6 Nxf6 13. Rb1 Be4 14. Rb2 Qe7 15. Qd2 Rad8 16. Rc1 Qd7 17. Ne1 Bxg2 18. Nxg2 Qc6 19. Qe2 e5 20. Rb5 Rfe8 21. Qd3 Nh7 22. h4 Nf6 23. Rb2 Qf3 24. Qe2 Qf5 25. Qc2 Qe6 26. d5 Qh3 27. Ne1 Ng4 28. Nf3 e4 29. Nd4 Ne5 30. Qe2 Nd3 31. Rcb1 Nxb2 32. Rxb2 g6 33. Rb1 Kg7 34. Rd1 Re5 35. Nc6 Rde8 36. Nxe5 Rxe5 37. Rd4 f5 38. Qf1 Qg4 39. Qd1 Qxd1+ 40. Rxd1 g5 41. hxg5 hxg5 42. Kg2 Re8 43. Rh1 Rh8 44. Rxh8 Kxh8 45. g4 f4 46. Kf1 Kg7 47. a4 f3 48. Ke1 Kf6 49. Kd2 Ke7 50. Kc2 c6 51. Kb3 Kd7 52. Kb2 Kc7 53. Kb3 Kb7 54. Kb2 Ka6 55. dxc6 Ka7 56. Kb3 Kb8 57. c5 dxc5 58. Kc4 Kc7 59. Kb5 c4 60. Kxc4 Kxc6 61. Kd4 b5 62. axb5+ Kxb5 63. Kxe4 a4 64. Kd3 a3 65. Kc2 Kc4 66. e4 a2 67. Kb2 Kd3 68. e5 Ke2 69. e6 Kxf2 70. e7 Kg2 71. e8=Q f2 72. Qe2 Kg1 73. Qe3 Kg2 74. Qe4+ Kg1 75. Qe3 Kg2 76. Qe2 Kg1 77. c4 f1=Q 78. Qxf1+ Kxf1 79. c5 Kf2 80. c6 Kf3 81. c7 Kxg4 82. c8=Q+ Kf3 83. Qc1 g4 84. Qg1 g3 85. Kxa2 g2 86. Kb2 1-0


[Site "https://www.chess.com"]

[Event "Titled Tuesday Blitz February 14 Early 2023"]
[White "Zacurdajev, Dmitry"]
[Black "Tologon tegin, Semetei"]
[WhiteFideId "4196309"]
[BlackFideId "13800574"]
[WhiteElo "2273"]
[BlackElo "2372"]
[Result "0-1"]
[Round "11"]
[TimeControl "180+2"]
[Date "2023.02.14"]
[WhiteClock "0:00:20"]
[BlackClock "0:00:21"]

1. d4 Nf6 2. c4 e6 3. Nc3 d5 4. Nf3 Nbd7 5. Bf4 Bb4 6. e3 c5 7. a3 Bxc3+ 8. bxc3 Qa5 9. Qb3 O-O 10. Bd3 b6 11. O-O Ba6 12. Rfd1 Rac8 13. Rac1 Rfd8 14. Bf1 dxc4 15. Bxc4 Bxc4 16. Qxc4 cxd4 17. Qxd4 Qxa3 18. Ra1 Qxc3 19. Qxc3 Rxc3 20. Rxa7 Rdc8 21. h3 Nc5 22. Ne5 Rf8 23. Rb1 Nd5 24. Nc6 Nxf4 25. exf4 Nd3 26. Rxb6 Nxf4 27. Ne7+ Kh8 28. Rba6 h6 29. Kh2 Rc2 30. Ra2 Rxa2 31. Rxa2 Nd5 32. Nxd5 exd5 33. Rd2 Rd8 34. Kg3 Kg8 35. Kf4 f6 36. Kf5 Kf7 37. Ra2 g6+ 38. Kf4 Ke6 39. Ra6+ Rd6 40. Ra8 h5 41. h4 d4 42. Ra2 d3 43. Rd2 Rd4+ 44. Ke3 Rxh4 45. Rxd3 Rg4 46. Kf3 g5 47. Ra3 Kf5 48. Ra5+ Kg6 49. Ra6 Rf4+ 50. Kg3 h4+ 51. Kh3 Rxf2 52. Ra3 Re2 53. Ra4 Re5 54. Rb4 Re6 55. Ra4 f5 56. Rb4 Re3+ 57. Kh2 Re4 58. Rb6+ Kh5 59. Rb8 Kg4 60. Rb3 Kf4 61. Rf3+ Ke5 62. Ra3 g4 63. Rb3 Kf4 64. Rb8 Re1 65. Rb4+ Kg5 66. g3 Re2+ 67. Kg1 hxg3 68. Rb3 f4 69. Rb5+ Kh4 70. Rb8 f3 71. Rh8+ Kg5 72. Rg8+ Kf5 73. Rf8+ Ke4 74. Re8+ Kd3 75. Rd8+ Kc4 76. Rc8+ Kd5 77. Rg8 Re1# 0-1


[Site "https://www.chess.com"]

[Event "Titled Tuesday Blitz February 14 Early 2023"]
[White "Iljin, Timofey"]
[Black "Al-Tarboush, Ward"]
[WhiteFideId "14110180"]
[BlackFideId "7601450"]
[WhiteElo "2329"]
[BlackElo "2256"]
[Result "0-1"]
[Round "11"]
[TimeControl "180+2"]
[Date "2023.02.14"]
[WhiteClock "0:02:03"]
[BlackClock "0:02:39"]

1. e4 c5 2. c3 d5 3. exd5 Qxd5 4. d4 cxd4 5. cxd4 e6 6. Nf3 Nf6 7. Nc3 Qd8 8. Bd3 Be7 9. O-O O-O 10. Bc2 Nc6 11. a3 b6 12. Qd3 a5 13. Re1 Ba6 14. Qd1 Qd6 15. Bg5 Rad8 16. Bxf6 Bxf6 17. Ne4 Qe7 18. Nxf6+ Qxf6 19. Re4 Ne7 20. Qd2 Nf5 21. Rd1 Bb7 22. Rf4 Bxf3 23. Rxf3 Rxd4 24. Qxd4 Qxd4 25. Rxd4 Nxd4 26. Rc3 Ne2+ 27. Kf1 Nxc3 28. bxc3 Rc8 29. Ke2 Rxc3 30. Kd2 Rxa3 31. Ke2 Ra2 32. Kd2 Rxc2+ 33. Kxc2 b5 34. Kb3 e5 35. f3 f5 36. g3 Kf7 37. f4 e4 38. Kc3 Ke6 39. Kd4 Kd6 40. h3 a4 41. g4 g6 42. gxf5 gxf5 43. h4 h5 44. Kc3 Kc5 45. Kd2 b4 46. Kc2 a3 47. Kd2 Kc4 48. Kc2 b3+ 49. Kd2 a2 50. Ke3 a1=Q 51. Kf2 Qb2+ 52. Kg3 Qc3+ 53. Kf2 Qf3+ 54. Ke1 Qe3+ 55. Kf1 Qxf4+ 56. Kg2 Qg4+ 57. Kf2 Qxh4+ 58. Ke3 Qg3+ 59. Ke2 Qf3+ 60. Kd2 Qf2+ 61. Kc1 Qc2# 0-1


[Site "https://www.chess.com"]

[Event "Titled Tuesday Blitz February 14 Early 2023"]
[White "Kanyamarala, Trisha"]
[Black "Shapiro, Viktor"]
[WhiteFideId "45004722"]
[BlackFideId "4175700"]
[WhiteElo "2278"]
[BlackElo "2192"]
[Result "1-0"]
[Round "11"]
[TimeControl "180+2"]
[Date "2023.02.14"]
[WhiteClock "0:01:03"]
[BlackClock "0:00:36"]

1. d4 Nf6 2. c4 e6 3. Nc3 Bb4 4. Nf3 b6 5. Bd2 Bb7 6. e3 O-O 7. Bd3 d5 8. O-O a6 9. cxd5 exd5 10. Ne5 Bd6 11. f4 c5 12. Be1 Nc6 13. Bc2 cxd4 14. exd4 Nxd4 15. Bh4 Nxc2 16. Qxc2 d4 17. Ne2 Rc8 18. Qd3 Bc5 19. Ng4 Qd5 20. Nxf6+ gxf6 21. Qg3+ Qg5 22. fxg5 d3+ 23. Kh1 f5 24. Qxd3 Be4 25. Qg3 Rfd8 26. g6 Rd2 27. gxh7+ Kxh7 28. Bf6 Bf8 29. Qh4+ Bh6 30. Qh5 Rc7 31. Bg5 Rd6 32. Ng3 Rg6 33. Nxe4 fxe4 34. Bxh6 Rxh6 35. Rxf7+ Rxf7 36. Qxf7+ 1-0


[Site "https://www.chess.com"]

[Event "Titled Tuesday Blitz February 14 Early 2023"]
[White "Rian, Kapriaga"]
[Black "Kopczynski, Michal"]
[WhiteFideId "7103263"]
[BlackFideId "1124200"]
[WhiteElo "2089"]
[BlackElo "2225"]
[Result "1/2-1/2"]
[Round "11"]
[TimeControl "180+2"]
[Date "2023.02.14"]
[WhiteClock "0:00:04"]
[BlackClock "0:00:35"]

1. d4 Nf6 2. Nf3 g6 3. Bg5 Bg7 4. Nbd2 d5 5. e3 O-O 6. Be2 c5 7. c3 Nc6 8. O-O h6 9. Bh4 g5 10. Bg3 Nh5 11. Be5 Nxe5 12. Nxe5 Bxe5 13. dxe5 Ng7 14. f4 Bf5 15. Bg4 e6 16. Qe2 Qb6 17. b3 c4 18. b4 Bxg4 19. Qxg4 Qxe3+ 20. Rf2 gxf4 21. Nf3 Kh7 22. Re1 Qxc3 23. Qxf4 Nf5 24. g4 Rg8 25. Kh1 Nh4 26. Rc1 Qa3 27. Nxh4 Rxg4 28. Qxf7+ Rg7 29. Qxg7+ Kxg7 30. Rg1+ Kh8 31. Ng6+ Kg7 32. Nf8+ Kh8 33. Ng6+ Kh7 34. Nf8+ Kh8 35. Ng6+ 1/2-1/2


[Site "https://www.chess.com"]

[Event "Titled Tuesday Blitz February 14 Early 2023"]
[White "Martic, Ivan"]
[Black "Lucassen, Mickey"]
[WhiteFideId "929301"]
[BlackFideId "12919110"]
[WhiteElo "2301"]
[BlackElo "2023"]
[Result "0-1"]
[Round "11"]
[TimeControl "180+2"]
[Date "2023.02.14"]
[WhiteClock "0:00:05"]
[BlackClock "0:00:09"]

1. c4 Nf6 2. Nc3 g6 3. g3 Bg7 4. Bg2 O-O 5. d4 d6 6. Nf3 Nbd7 7. O-O e5 8. e4 Re8 9. h3 exd4 10. Nxd4 Nc5 11. Re1 c6 12. Bf4 Nh5 13. Be3 Nf6 14. Qc2 a5 15. Rad1 Qc7 16. Ndb5 cxb5 17. Nxb5 Qe7 18. Nxd6 Ne6 19. e5 Nd7 20. f4 Ndc5 21. Rd5 Na6 22. a3 Nec7 23. Rd2 Rd8 24. Red1 Ne8 25. Nxc8 Raxc8 26. Rxd8 Rxd8 27. Rxd8 Qxd8 28. Bxb7 Nec7 29. Qd2 Qb8 30. Bc6 Bf8 31. Kg2 Qb3 32. Bd5 Bc5 33. Bf2 a4 34. g4 Bxf2 35. Kxf2 Nc5 36. Kg2 Nd3 37. f5 Qxb2 38. Qxb2 Nxb2 39. Bc6 Na6 40. e6 fxe6 41. fxe6 Kf8 42. Bb5 Nc5 43. g5 Ke7 44. h4 Kxe6 45. Kf3 Nbd3 46. Kg4 Ne5+ 47. Kf4 Kd6 48. Ke3 Nc6 49. Kf4 Ne7 50. Kg4 Nf5 51. h5 Ne3+ 52. Kf4 Nc2 53. h6 Nd4 54. Be8 Nce6+ 55. Kg4 Nc2 56. Bxa4 Nxa3 57. Be8 Nxc4 58. Kh4 Ne5 59. Ba4 Nf3+ 60. Kg4 Nfxg5 61. Bc2 Nf7 62. Bxg6 hxg6 63. h7 Ke7 64. Kh4 Kf6 65. Kg4 Kg7 66. h8=Q+ Kxh8 67. Kh4 Kg7 68. Kg4 Kf6 0-1


[Site "https://www.chess.com"]

[Event "Titled Tuesday Blitz February 14 Early 2023"]
[White "Reprintsev, Alexander"]
[Black "Real_taiatai"]
[WhiteFideId "14100541"]
[WhiteElo "2253"]
[BlackElo "2349"]
[Result "0-1"]
[Round "11"]
[TimeControl "180+2"]
[Date "2023.02.14"]
[WhiteClock "0:00:08"]
[BlackClock "0:00:19"]

1. e4 c5 2. b3 Nc6 3. Bb2 d5 4. exd5 Qxd5 5. Nc3 Qd7 6. Nf3 Nf6 7. Qe2 e6 8. O-O-O Be7 9. Ne4 Nd4 10. Qd3 Nxf3 11. Qxf3 Nxe4 12. Qxe4 f6 13. d4 cxd4 14. Rxd4 Qc7 15. Bb5+ Kf7 16. Rhd1 a6 17. Bd7 Qb6 18. Re1 Rd8 19. Bxc8 Raxc8 20. Rxd8 Rxd8 21. f4 Bb4 22. c3 Bd6 23. g3 Bc5 24. Kc2 Qd6 25. Bc1 Rd7 26. b4 Bf2 27. Rf1 Bb6 28. Kb3 Qd5+ 29. Qxd5 Rxd5 30. a4 h5 31. Rf3 Rd1 32. Be3 Rd3 33. Bxb6 Rxf3 34. b5 axb5 35. axb5 Ke7 36. Kb4 Kd7 37. c4 h4 38. gxh4 Rxf4 39. h5 Rh4 40. Bg1 Rxh5 41. Ka5 Rh4 42. c5 Kc8 43. Kb6 Rg4 44. Be3 Rg2 45. Bf4 e5 46. Bg3 Rxg3 47. hxg3 e4 0-1


[Site "https://www.chess.com"]

[Event "Titled Tuesday Blitz February 14 Early 2023"]
[White "Matveeva, Olga"]
[Black "Novikov, Evgenij"]
[WhiteFideId "24107018"]
[BlackFideId "4125380"]
[WhiteElo "2128"]
[BlackElo "2276"]
[Result "0-1"]
[Round "11"]
[TimeControl "180+2"]
[Date "2023.02.14"]
[WhiteClock "0:00:01"]
[BlackClock "0:00:01"]

1. d4 Nf6 2. c4 g6 3. Nf3 Bg7 4. g3 O-O 5. Bg2 d6 6. O-O c6 7. Nc3 Qa5 8. h3 e5 9. e4 Nbd7 10. Re1 a6 11. Rb1 Qc7 12. Be3 exd4 13. Nxd4 Ne5 14. b3 Re8 15. Qc2 h6 16. f4 Ned7 17. Bf2 Nc5 18. Rbd1 a5 19. Kh2 h5 20. Nf3 b6 21. e5 dxe5 22. Nxe5 Bf5 23. Qc1 Re6 24. Nb5 cxb5 25. Bxa8 b4 26. Bg2 Nfe4 27. Bxc5 Nxc5 28. Qd2 Bxe5 29. Qd8+ Kg7 30. fxe5 Qxd8 31. Rxd8 Nd3 32. Rd1 Nxe5 33. R8d6 Re7 34. Rxb6 Nd3 35. Ra6 Re2 36. Kg1 h4 37. gxh4 Nf4 38. Bf3 Nxh3+ 39. Kf1 Rf2+ 40. Ke1 Rxf3 41. Rxa5 Re3+ 42. Kd2 Rc3 43. Re1 Nf4 44. Re7 Rc2+ 45. Ke3 Ng2+ 46. Kf3 Nxh4+ 47. Kf4 Ng2+ 48. Ke5 Re2+ 49. Kd6 Rd2+ 50. Kc7 Nf4 51. Ra7 Ne6+ 52. Kb6 Kf6 53. Rxf7+ Ke5 54. Rfe7 Rd6+ 55. Kb5 Rd3 56. c5 Rc3 57. c6 Bd3+ 58. Kb6 Kf6 59. Rf7+ Ke5 60. Rae7 Kd6 61. c7 Rc6+ 62. Kb7 Be4 63. c8=Q Rc5+ 64. Kb8 Rb5+ 0-1


[Site "https://www.chess.com"]

[Event "Titled Tuesday Blitz February 14 Early 2023"]
[White "AidenRchess"]
[Black "Fan_Of_Chucky"]
[WhiteElo "2517"]
[BlackElo "2323"]
[Result "1-0"]
[Round "11"]
[TimeControl "180+2"]
[Date "2023.02.14"]
[WhiteClock "0:02:26"]
[BlackClock "0:01:46"]

1. e4 c5 2. Nf3 a6 3. c4 Nc6 4. Nc3 Nd4 5. Nxd4 cxd4 6. Ne2 e5 7. d3 Nf6 8. Ng3 b5 9. cxb5 axb5 10. Be2 d6 11. O-O Be7 12. f4 O-O 13. f5 d5 14. exd5 Nxd5 15. Ne4 Bf6 16. Qe1 g6 17. Bh6 Bg7 18. Bxg7 Kxg7 19. f6+ Kg8 20. Qh4 Bf5 21. Rxf5 1-0


[Site "https://www.chess.com"]

[Event "Titled Tuesday Blitz February 14 Early 2023"]
[White "rikchessmx"]
[Black "Donskov, Anatoly"]
[BlackFideId "24143413"]
[WhiteElo "2312"]
[BlackElo "2279"]
[Result "0-1"]
[Round "11"]
[TimeControl "180+2"]
[Date "2023.02.14"]
[WhiteClock "0:01:03"]
[BlackClock "0:02:19"]

1. e4 c5 2. Nf3 e6 3. d4 cxd4 4. Nxd4 Nf6 5. Nc3 Nc6 6. Nxc6 bxc6 7. Bd3 d5 8. Qe2 Be7 9. O-O O-O 10. b3 a5 11. Bb2 Nd7 12. Na4 Bf6 13. c4 Bxb2 14. Nxb2 Nc5 15. exd5 Nxd3 16. Qxd3 cxd5 17. cxd5 Ba6 18. Qf3 Bxf1 19. Rxf1 Qxd5 20. Qg3 Qd2 21. Qe5 Rfc8 22. a4 Qc3 23. Qxc3 Rxc3 24. Nc4 Rxb3 25. g3 Rb4 26. Rc1 Rc8 0-1


[Site "https://www.chess.com"]

[Event "Titled Tuesday Blitz February 14 Early 2023"]
[White "Fernandez Siles, Luis"]
[Black "Bilan, Danila"]
[WhiteFideId "2209420"]
[BlackFideId "24161918"]
[WhiteElo "2218"]
[BlackElo "2303"]
[Result "0-1"]
[Round "11"]
[TimeControl "180+2"]
[Date "2023.02.14"]
[WhiteClock "0:00:01"]
[BlackClock "0:00:49"]

1. d4 d5 2. c4 c6 3. Nc3 Nf6 4. cxd5 cxd5 5. Bf4 Bf5 6. e3 Nc6 7. Qb3 Qb6 8. Qxb6 axb6 9. Bb5 e6 10. Nf3 Nd7 11. O-O Bb4 12. Rfc1 O-O 13. a3 Be7 14. Ne5 Ncxe5 15. Bxe5 Nxe5 16. dxe5 Rfc8 17. Na4 Bd8 18. Bd7 Rc2 19. b4 Kf8 20. Bb5 Rac8 21. Rxc2 Rxc2 22. h3 Bc7 23. g4 Be4 24. Rd1 Bf3 25. Rd4 Rc1+ 26. Kh2 Bxe5+ 0-1


[Site "https://www.chess.com"]

[Event "Titled Tuesday Blitz February 14 Early 2023"]
[White "Hajiyev, Kanan"]
[Black "Colijn, Stefan"]
[WhiteFideId "13404148"]
[BlackFideId "1016199"]
[WhiteElo "2197"]
[BlackElo "2293"]
[Result "1-0"]
[Round "11"]
[TimeControl "180+2"]
[Date "2023.02.14"]
[WhiteClock "0:00:04"]
[BlackClock "0:00:03"]

1. d4 Nf6 2. Nf3 e6 3. c4 Bb4+ 4. Bd2 a5 5. a3 Bxd2+ 6. Qxd2 b6 7. g3 Bb7 8. Bg2 O-O 9. Nc3 Ne4 10. Qc2 f5 11. O-O d6 12. h4 Nxc3 13. Qxc3 Nd7 14. d5 e5 15. Ng5 Qf6 16. Ne6 Rfc8 17. e4 Nf8 18. exf5 Qxf5 19. Ng5 h6 20. Bh3 Qg6 21. Ne6 c6 22. Qb3 cxd5 23. cxd5 Nd7 24. Rac1 Rxc1 25. Rxc1 Rc8 26. Rxc8+ Bxc8 27. Qc3 Nc5 28. Nxc5 Bxh3 29. Kh2 Bg4 30. Ne6 Bxe6 31. dxe6 Qxe6 32. Qc6 Qf6 33. Kg1 Qe6 34. Qxb6 a4 35. Qb4 d5 36. Qxa4 e4 37. Qa8+ Kh7 38. a4 Qg4 39. Qxd5 1-0


[Site "https://www.chess.com"]

[Event "Titled Tuesday Blitz February 14 Early 2023"]
[White "Skaric, Djuro"]
[Black "Dragomirescu, Angela"]
[WhiteFideId "934569"]
[BlackFideId "1209914"]
[WhiteElo "2334"]
[BlackElo "2130"]
[Result "0-1"]
[Round "11"]
[TimeControl "180+2"]
[Date "2023.02.14"]
[WhiteClock "0:00:19"]
[BlackClock "0:00:19"]

1. g3 Nf6 2. Bg2 d5 3. d3 c5 4. Nf3 Nc6 5. O-O e5 6. Nc3 Be7 7. e4 d4 8. Ne2 Be6 9. h3 Qd7 10. Kh2 h6 11. Nh4 g5 12. Nf5 Bxf5 13. exf5 Qxf5 14. f4 exf4 15. gxf4 g4 16. Ng3 Qd7 17. Ne4 h5 18. Re1 O-O-O 19. Bd2 Nd5 20. c4 Nc7 21. b4 cxb4 22. Qa4 f5 23. Ng5 Bxg5 24. fxg5 Qd6+ 25. Kh1 Na6 26. Rf1 Rhf8 27. Bf4 Qd7 28. h4 Nc5 29. Qc2 Rde8 30. Rae1 Ne6 31. Qd2 a5 32. Bd5 Nxf4 33. Qxf4 Rxe1 34. Rxe1 Qc7 35. Rf1 Qxf4 36. Rxf4 Ne7 37. Be6+ Kc7 38. Rxd4 Rd8 39. Rxd8 Kxd8 40. Kg2 Ng6 41. Kg3 f4+ 42. Kf2 Nxh4 43. d4 Ke7 44. Bd5 b6 45. Be4 g3+ 46. Kg1 f3 47. Kf1 a4 48. g6 b3 49. axb3 a3 50. Bb1 Nxg6 51. b4 Nf4 52. c5 bxc5 53. dxc5 g2+ 54. Kf2 Nh3+ 55. Kxf3 g1=Q 56. Ke4 Qxb1+ 57. Kd5 Qxb4 58. Kc6 a2 0-1


[Site "https://www.chess.com"]

[Event "Titled Tuesday Blitz February 14 Early 2023"]
[White "Grycel, Kamil"]
[Black "Ardila, Oscar Humberto"]
[WhiteFideId "1115499"]
[BlackFideId "4404742"]
[WhiteElo "2315"]
[BlackElo "1982"]
[Result "0-1"]
[Round "11"]
[TimeControl "180+2"]
[Date "2023.02.14"]
[WhiteClock "0:01:26"]
[BlackClock "0:00:08"]

1. b3 Nf6 2. Bb2 e6 3. Nf3 Be7 4. g3 O-O 5. Bg2 d5 6. c4 c5 7. O-O Nc6 8. e3 d4 9. exd4 cxd4 10. Re1 Re8 11. d3 Bb4 12. Nbd2 e5 13. a3 Bc3 14. Bxc3 dxc3 15. Qc2 cxd2 16. Qxd2 Bf5 17. Rad1 Qd6 18. b4 Rad8 19. Qg5 Bxd3 20. Nh4 h6 21. Qe3 e4 22. b5 Na5 23. Qxa7 Nxc4 24. Qxb7 Qxa3 25. Nf5 Nd6 26. Nxd6 Rxd6 27. Qc7 Red8 28. b6 R6d7 29. Qc6 Qd6 30. Qc3 Qxb6 31. Ra1 Qd4 32. Qd2 g5 33. h4 Qe5 34. Ra5 Rd5 35. Ra6 gxh4 36. Rxf6 Qxf6 37. Qe3 hxg3 38. fxg3 Qg5 39. Qb6 R5d6 40. Qa7 Qxg3 41. Re3 Qg5 42. Kh2 Rg6 43. Bh3 Qg1# 0-1


[Site "https://www.chess.com"]

[Event "Titled Tuesday Blitz February 14 Early 2023"]
[White "Smietanska, Wiktoria"]
[Black "Mujumdar, Sameer"]
[WhiteFideId "21869359"]
[BlackFideId "2029707"]
[WhiteElo "1936"]
[BlackElo "1992"]
[Result "1-0"]
[Round "11"]
[TimeControl "180+2"]
[Date "2023.02.14"]
[WhiteClock "0:02:01"]
[BlackClock "0:01:49"]

1. c4 Nf6 2. Nc3 g6 3. g3 Bg7 4. Bg2 O-O 5. e4 d6 6. Nge2 c5 7. O-O Nc6 8. d3 Bd7 9. h3 a6 10. Be3 Rb8 11. a4 Ne8 12. d4 cxd4 13. Nxd4 Nc7 14. Rc1 Ne6 15. Nde2 Qc8 16. Nd5 Re8 17. b3 Nc7 18. Nb6 Qd8 19. f4 e6 20. Qxd6 Bc8 21. Bc5 Na8 22. Qxd8 Rxd8 23. Nxa8 Rxa8 24. Rfd1 Bd7 25. Bb6 1-0


[Site "https://www.chess.com"]

[Event "Titled Tuesday Blitz February 14 Early 2023"]
[White "Srihari L R"]
[Black "Todorovic, Bojan"]
[WhiteFideId "46617116"]
[BlackFideId "917087"]
[WhiteElo "2416"]
[BlackElo "2195"]
[Result "0-1"]
[Round "11"]
[TimeControl "180+2"]
[Date "2023.02.14"]
[WhiteClock "0:01:00"]
[BlackClock "0:00:09"]

1. Na3 a6 2. c4 e6 3. Nc2 c5 4. d4 cxd4 5. Nxd4 Bb4+ 6. Bd2 Qa5 7. Ngf3 Nc6 8. e3 Nf6 9. Bd3 Nxd4 10. exd4 Bxd2+ 11. Qxd2 Qxd2+ 12. Kxd2 b6 13. Ng5 Bb7 14. f3 d6 15. Ne4 Nxe4+ 16. Bxe4 Ra7 17. Rac1 Ke7 18. Ke3 Rc8 19. Rc3 f5 20. Bd3 Kf6 21. Rhc1 e5 22. dxe5+ dxe5 23. c5 b5 24. c6 Ba8 25. c7 g6 26. Rc5 Ke6 27. g4 f4+ 28. Kd2 Kd6 29. h4 Raxc7 30. Rxc7 Rxc7 31. Rf1 Bd5 32. h5 gxh5 33. gxh5 Rg7 34. Rf2 h6 35. Bg6 Bf7 36. Rg2 Bxg6 37. hxg6 Ke6 38. Kd3 Kf5 39. Rh2 Rd7+ 40. Kc3 Kxg6 41. Rg2+ Kf5 42. Rh2 Rg7 43. Rxh6 Rg3 44. Rxa6 Rxf3+ 45. Kb4 Rf2 46. b3 e4 47. Ra5 e3 48. Rxb5+ Kg4 49. a4 e2 50. Re5 f3 51. a5 Rf1 52. a6 e1=Q+ 53. Rxe1 Rxe1 54. Kc5 f2 55. b4 f1=Q 56. a7 Ra1 57. Kb6 Rxa7 58. Kxa7 Qb5 59. Ka8 Qxb4 60. Ka7 Kf5 61. Ka8 Kf6 62. Ka7 Ke6 63. Ka8 Kd6 64. Ka7 Kc6 65. Ka8 Qb7# 0-1


[Site "https://www.chess.com"]

[Event "Titled Tuesday Blitz February 14 Early 2023"]
[White "Janaszak, Dawid"]
[Black "Thiel, Thomas"]
[WhiteFideId "1119206"]
[BlackFideId "4615964"]
[WhiteElo "2316"]
[BlackElo "2234"]
[Result "1-0"]
[Round "11"]
[TimeControl "180+2"]
[Date "2023.02.14"]
[WhiteClock "0:00:23"]
[BlackClock "0:00:29"]

1. e4 d5 2. Nc3 dxe4 3. Nxe4 Nf6 4. Bd3 Nc6 5. Nf3 Bg4 6. h3 Bh5 7. Ng3 Bg6 8. Bxg6 hxg6 9. d4 e6 10. c3 Bd6 11. Qb3 Bxg3 12. fxg3 Rb8 13. O-O Qd5 14. c4 Qd7 15. Be3 O-O 16. Rad1 b6 17. Ne5 Qe8 18. Bg5 Nxe5 19. dxe5 Nd7 20. Qa3 Nxe5 21. b3 Nc6 22. Rfe1 f6 23. Bf4 e5 24. Be3 Qf7 25. Qa4 Qe6 26. Rd5 a5 27. Red1 Rbd8 28. g4 Kh7 29. a3 Nd4 30. Rxd8 Rxd8 31. Kh1 Qc6 32. Qxc6 Nxc6 33. Rd5 Rxd5 34. cxd5 Nd4 35. Bxd4 exd4 36. Kg1 Kg8 37. Kf1 Kf7 38. Ke2 Ke7 39. Kd3 Kd6 40. Kxd4 b5 41. h4 g5 42. h5 c6 43. dxc6 Kxc6 44. Ke4 Kc5 45. Kf5 b4 46. a4 Kd4 47. Kg6 Kc3 48. Kxg7 Kxb3 49. h6 Kxa4 50. h7 1-0


[Site "https://www.chess.com"]

[Event "Titled Tuesday Blitz February 14 Early 2023"]
[White "Colbow, Collin"]
[Black "Kvaloy, Aksel Bu"]
[WhiteFideId "16201132"]
[BlackFideId "1528815"]
[WhiteElo "2408"]
[BlackElo "2321"]
[Result "0-1"]
[Round "11"]
[TimeControl "180+2"]
[Date "2023.02.14"]
[WhiteClock "0:00:10"]
[BlackClock "0:00:57"]

1. d4 Nf6 2. Nf3 e6 3. e3 c5 4. Bd3 b6 5. O-O Bb7 6. c3 cxd4 7. exd4 Be7 8. h3 O-O 9. Bf4 d6 10. Nbd2 Nbd7 11. Re1 a6 12. a4 Re8 13. Bh2 h6 14. b4 Rc8 15. c4 a5 16. b5 d5 17. Ne5 dxc4 18. Ndxc4 Nxe5 19. dxe5 Nd5 20. Qg4 Bf8 21. Rad1 Kh8 22. h4 Bb4 23. Rf1 Qe7 24. h5 Nc3 25. Rc1 Red8 26. Nd6 Bxd6 27. exd6 Rxd6 28. Bxd6 Qxd6 29. Be2 f5 30. Qc4 Rxc4 31. Bxc4 Qd4 32. Rc2 Qe4 33. Rxc3 Qxg2# 0-1


[Site "https://www.chess.com"]

[Event "Titled Tuesday Blitz February 14 Early 2023"]
[White "Bon, Michael"]
[Black "Veiga, Jose Francisco R P Neves"]
[WhiteFideId "620696"]
[BlackFideId "1930087"]
[WhiteElo "2394"]
[BlackElo "2406"]
[Result "0-1"]
[Round "11"]
[TimeControl "180+2"]
[Date "2023.02.14"]
[WhiteClock "0:00:06"]
[BlackClock "0:00:54"]

1. e4 Nc6 2. d4 d5 3. exd5 Qxd5 4. Nf3 Bg4 5. Be2 O-O-O 6. c4 Qd7 7. Nc3 Bxf3 8. Bxf3 Nxd4 9. O-O e6 10. Be3 Bc5 11. Bxd4 Qxd4 12. Qb3 Bb6 13. Rad1 Qe5 14. Rxd8+ Kxd8 15. Rd1+ Kc8 16. Qa4 Nf6 17. Nb5 a6 18. b4 Rd8 19. Na3 Rxd1+ 20. Qxd1 c6 21. c5 Bc7 22. g3 h5 23. Nc4 Qc3 24. Nd6+ Bxd6 25. cxd6 Qxb4 26. Bxh5 g6 27. Bf3 Kd7 28. h4 Qxd6 29. Qb1 b5 30. Qb2 e5 31. g4 e4 32. Be2 Nd5 33. g5 Qf4 34. Qg7 e3 35. fxe3 Qg3+ 0-1


[Site "https://www.chess.com"]